[Event "Titled Tuesday Blitz June 20 Late 2023"]
[White "Gerbelli Neto, Eduardo"]
[Black "Shuvalov, Evgenij"]
[WhiteFideId "2103281"]
[BlackFideId "4187237"]
[WhiteElo "2178"]
[BlackElo "2080"]
[Result "1/2-1/2"]
[Round "3"]
[TimeControl "180+2"]
[Date "2023.06.20"]
[WhiteClock "0:00:30"]
[BlackClock "0:00:35"]
[Board "160"]

1. e4 e6 2. d4 d5 3. Nc3 Bb4 4. Ne2 Nc6 5. a3 Ba5 6. b4 Bb6 7. Be3 dxe4 8. Nxe4 e5 9. d5 Bxe3 10. fxe3 Nce7 11. c4 Nf5 12. Qd2 Nf6 13. N2g3 Nxg3 14. Nxg3 O-O 15. Be2 Bg4 16. O-O Bxe2 17. Qxe2 c6 18. e4 cxd5 19. exd5 Re8 20. Ne4 Nxe4 21. Qxe4 b6 22. c5 bxc5 23. bxc5 Qa5 24. c6 Rad8 25. Rad1 Qxa3 26. Qf5 f6 27. c7 Qc5+ 28. Kh1 Qxc7 29. Rc1 Qd7 30. Qxd7 Rxd7 31. Rfd1 Red8 32. Rc5 Kf7 33. Kg1 f5 34. Kf2 Kf6 35. h4 e4 36. Ke3 Ke5 37. Ra5 Rxd5 38. Rdxd5+ Rxd5 39. Rxa7 Rd3+ 40. Ke2 Kf6 41. Ra6+ Ke7 42. g4 Rd6 43. Ra7+ Rd7 44. Ra5 fxg4 45. Rg5 Kf6 46. Rxg4 Re7 47. Ke3 g6 48. Rf4+ Kg7 49. Rxe4 Rxe4+ 50. Kxe4 Kh6 51. Kf4 Kh5 52. Kg3 Kh6 53. Kg4 Kg7 54. h5 Kf6 55. hxg6 hxg6 56. Kf4 Ke6 57. Kg5 Kf7 58. Kg4 Kf6 59. Kf4 g5+ 60. Kg4 Kg6 61. Kg3 Kg7 62. Kg4 Kg8 63. Kxg5 1/2-1/2


[Site "https://www.chess.com"]

[Event "Titled Tuesday Blitz June 20 Late 2023"]
[White "Rodriguez Polo, Mateo"]
[Black "a-z30"]
[WhiteFideId "24509396"]
[WhiteElo "2117"]
[BlackElo "2461"]
[Result "0-1"]
[Round "3"]
[TimeControl "180+2"]
[Date "2023.06.20"]
[WhiteClock "0:00:00"]
[BlackClock "0:00:05"]
[Board "161"]

1. e4 Nf6 2. e5 Nd5 3. Nf3 d6 4. d4 Bg4 5. Be2 e6 6. O-O Be7 7. h3 Bh5 8. c4 Nb6 9. Nc3 a6 10. b3 O-O 11. Be3 N6d7 12. Qd2 dxe5 13. Nxe5 Nxe5 14. Bxh5 Ng6 15. Bf3 Nc6 16. Rad1 h6 17. Rfe1 Bg5 18. Bxg5 Qxg5 19. Qxg5 hxg5 20. d5 Nce5 21. Be4 f5 22. Bc2 exd5 23. Nxd5 Rf7 24. Re2 c6 25. Ne3 Nf4 26. Red2 g6 27. c5 Kg7 28. b4 Re8 29. Bb3 Rfe7 30. Kf1 Nf7 31. Rd7 Kf6 32. Nc4 Rxd7 33. Rxd7 Re7 34. Rxe7 Kxe7 35. Na5 Nd8 36. Nc4 Nd5 37. a3 Nf7 38. g3 Nc3 39. Ke1 Nb5 40. a4 Nd4 41. Bd1 Ne6 42. Kd2 Kf6 43. Kc3 Ne5 44. Nxe5 Kxe5 45. Be2 Nc7 46. Bc4 Nd5+ 47. Bxd5 Kxd5 48. Kd3 a5 49. Kc3 axb4+ 50. Kxb4 Kd4 51. h4 g4 52. Ka5 Kxc5 0-1


[Site "https://www.chess.com"]

[Event "Titled Tuesday Blitz June 20 Late 2023"]
[White "Romero Ruscalleda, Josep"]
[Black "Krishnakumar, Sriram"]
[WhiteFideId "2231859"]
[BlackFideId "30915856"]
[WhiteElo "2183"]
[BlackElo "2457"]
[Result "0-1"]
[Round "3"]
[TimeControl "180+2"]
[Date "2023.06.20"]
[WhiteClock "0:01:12"]
[BlackClock "0:01:22"]
[Board "162"]

1. e4 e5 2. Nf3 Nc6 3. Bc4 Bc5 4. c3 Nf6 5. d4 exd4 6. e5 d5 7. Bb5 Ne4 8. Nxd4 Bd7 9. Bxc6 Bxc6 10. O-O Bd7 11. Be3 O-O 12. Nd2 Nxd2 13. Qxd2 Bb6 14. Bg5 Qe8 15. Rfe1 c5 16. Bf6 h6 17. Qf4 Kh7 18. Bxg7 Kxg7 19. Qf6+ Kh7 20. Nf5 Bxf5 21. Qxf5+ Kg8 22. Re3 Qe6 23. Rg3+ Kh8 24. Qf4 Rg8 25. Rh3 Qxh3 26. Qf6+ Rg7 27. Qxg7+ Kxg7 28. gxh3 Re8 29. f4 f6 30. exf6+ Kxf6 31. Kf2 d4 32. c4 Ba5 33. Rd1 Kf5 34. a3 Re4 35. Rg1 Rxf4+ 36. Ke2 Re4+ 37. Kd3 Re3+ 38. Kc2 Re2+ 39. Kc1 d3 40. Rg8 d2+ 41. Kc2 Re1 42. Rf8+ Kg6 43. Rg8+ Kf7 0-1


[Site "https://www.chess.com"]

[Event "Titled Tuesday Blitz June 20 Late 2023"]
[White "Yurasova, Daria"]
[Black "Vifleemskaia, Svetlana"]
[WhiteFideId "34146919"]
[BlackFideId "4129490"]
[WhiteElo "2109"]
[BlackElo "1930"]
[Result "1-0"]
[Round "3"]
[TimeControl "180+2"]
[Date "2023.06.20"]
[WhiteClock "0:00:02"]
[BlackClock "0:00:00"]
[Board "163"]

1. e4 e5 2. Nf3 Nc6 3. d3 d5 4. Be2 h6 5. O-O Nf6 6. Nbd2 a5 7. c3 a4 8. Re1 Be7 9. Bf1 O-O 10. exd5 Qxd5 11. Nc4 e4 12. dxe4 Qxd1 13. Rxd1 Nxe4 14. Bf4 a3 15. Nxa3 Bxa3 16. bxa3 Rxa3 17. Bxc7 Rxc3 18. Ne5 Be6 19. Nxc6 Rxc6 20. Be5 Nc3 21. Rd2 Ra8 22. a3 Nd5 23. h3 f6 24. Bd4 Kf7 25. Bb5 Rc7 26. Rd3 Rac8 27. a4 Rc1+ 28. Rxc1 Rxc1+ 29. Kh2 Rc2 30. Kg3 Nb4 31. Re3 Nc6 32. Bb6 Ne5 33. f4 Nc4 34. Bxc4 Rxc4 35. a5 g5 36. fxg5 hxg5 37. Rd3 Rc2 38. Rd8 Kg6 39. Rd6 Kf5 40. Rd3 1-0


[Site "https://www.chess.com"]

[Event "Titled Tuesday Blitz June 20 Late 2023"]
[White "Ladan, Nicholas"]
[Black "Alexikov, Alexander"]
[WhiteFideId "30918855"]
[BlackFideId "14103958"]
[WhiteElo "2167"]
[BlackElo "2186"]
[Result "1-0"]
[Round "3"]
[TimeControl "180+2"]
[Date "2023.06.20"]
[WhiteClock "0:00:04"]
[BlackClock "0:00:11"]
[Board "164"]

1. d4 Nf6 2. Nc3 g6 3. Bf4 d6 4. e4 Bg7 5. Qd2 Nc6 6. h4 O-O 7. f3 Nh5 8. Be3 Ng3 9. Rh2 Nxf1 10. Kxf1 e5 11. Nge2 f5 12. h5 fxe4 13. Nxe4 d5 14. Ng5 h6 15. hxg6 exd4 16. Nxd4 Nxd4 17. Nf7 Qf6 18. Bxd4 Qxg6 19. Nxh6+ Bxh6 20. Rxh6 Qg3 21. Rh8+ Kf7 22. Rh7+ Ke8 23. Re1+ Kd8 24. Qe3 Be6 25. Bc5 Re8 26. Re7 Rxe7 27. Bxe7+ Kxe7 28. Qxe6+ Kf8 29. Qf6+ Kg8 30. Re7 Rf8 31. Qe6+ Kh8 32. Qh6+ Kg8 33. Qh7# 1-0


[Site "https://www.chess.com"]

[Event "Titled Tuesday Blitz June 20 Late 2023"]
[White "Ardila, Oscar Humberto"]
[Black "dodoucb"]
[WhiteFideId "4404742"]
[WhiteElo "1912"]
[BlackElo "2400"]
[Result "0-1"]
[Round "3"]
[TimeControl "180+2"]
[Date "2023.06.20"]
[WhiteClock "0:00:45"]
[BlackClock "0:00:21"]
[Board "165"]

1. d4 d5 2. c4 c6 3. cxd5 cxd5 4. Nc3 Nf6 5. Nf3 Nc6 6. Bf4 Bf5 7. e3 e6 8. Be2 Bd6 9. Bxd6 Qxd6 10. O-O O-O 11. Rc1 Rfc8 12. a3 h6 13. Na4 b6 14. Nc3 a6 15. Qb3 Na5 16. Qd1 Nd7 17. b4 Nc4 18. Bxc4 Rxc4 19. Nd2 Rc7 20. Nb3 Rac8 21. Qd2 Nf6 22. f3 Kh7 23. Rfe1 Bg6 24. Ne2 Rc2 25. Rxc2 Rxc2 26. Qd1 Qc6 27. Nf4 Bf5 28. Nc1 Qc3 29. Ncd3 Rd2 30. Qb1 Bxd3 31. Nxd3 Qxd3 32. Qxd3+ Rxd3 33. Kf2 Rxa3 34. Rc1 a5 35. bxa5 bxa5 36. Rc7 Ra2+ 37. Kg3 Kg6 38. h4 a4 39. Ra7 a3 40. Kh3 h5 41. g4 hxg4+ 42. fxg4 Ne4 43. g5 Ra1 44. Kg4 f5+ 45. gxf6 Nxf6+ 46. Kf4 a2 47. Ke5 Re1 48. Rxa2 Rxe3+ 49. Kd6 Re4 50. Kc5 Rxh4 51. Rg2+ Rg4 52. Rh2 Kf5 53. Rf2+ Rf4 54. Rg2 g5 55. Ra2 Ne4+ 56. Kc6 g4 57. Ra8 g3 58. Rf8+ Kg4 59. Rg8+ Kf3 60. Kd7 Nf6+ 61. Kxe6 Nxg8 62. Kxd5 g2 0-1


[Site "https://www.chess.com"]

[Event "Titled Tuesday Blitz June 20 Late 2023"]
[White "i_like_explosions"]
[Black "Sarkar, Justin"]
[BlackFideId "2010011"]
[WhiteElo "2400"]
[BlackElo "2151"]
[Result "1-0"]
[Round "3"]
[TimeControl "180+2"]
[Date "2023.06.20"]
[WhiteClock "0:01:23"]
[BlackClock "0:00:00"]
[Board "166"]

1. d4 Nf6 2. Bg5 d5 3. Bxf6 exf6 4. e3 c6 5. c4 dxc4 6. Bxc4 Bd6 7. Nc3 O-O 8. Nf3 f5 9. O-O Nd7 10. a3 Nf6 11. b4 Ne4 12. Qb3 Qe7 13. Nxe4 fxe4 14. Nd2 b5 15. Be2 a5 16. bxa5 Rxa5 17. Rfc1 Be6 18. Qb1 Bd5 19. Nb3 Rxa3 20. Nc5 Rfa8 21. Rxa3 Rxa3 22. Qb4 Ra2 23. Bf1 f5 24. g3 h5 25. Qc3 h4 26. Ra1 hxg3 27. hxg3 Qa7 28. Rxa2 Qxa2 29. Qb4 Kf7 30. Bh3 g6 31. Bf1 Qa7 32. Qc3 Qb6 33. Qb4 Qc7 34. Qa3 Qb6 35. Qb4 Bxc5 36. dxc5 Qa7 37. Qc3 Qe7 38. Qd4 Qf6 39. Qb4 Qa1 40. Kg2 Ke6 41. Be2 g5 42. Bh5 Kf6 43. Be8 Ke7 44. Bg6 Kf6 45. Be8 Qe5 46. Bh5 1-0


[Site "https://www.chess.com"]

[Event "Titled Tuesday Blitz June 20 Late 2023"]
[White "Buchenau, Frank"]
[Black "Sala, Giulia"]
[WhiteFideId "4604350"]
[BlackFideId "2840451"]
[WhiteElo "2157"]
[BlackElo "1769"]
[Result "1-0"]
[Round "3"]
[TimeControl "180+2"]
[Date "2023.06.20"]
[WhiteClock "0:00:11"]
[BlackClock "0:01:14"]
[Board "167"]

1. e4 e6 2. d4 d5 3. Nc3 Nf6 4. e5 Nfd7 5. f4 c5 6. Nf3 Nc6 7. Be3 Qb6 8. a3 a6 9. dxc5 Bxc5 10. Na4 Qa5+ 11. b4 Qxa4 12. bxc5 Qa5+ 13. Qd2 Qxd2+ 14. Kxd2 Ke7 15. Bd3 f6 16. exf6+ gxf6 17. Rhe1 Rg8 18. g3 Rb8 19. c4 dxc4 20. Bxc4 b5 21. Ba2 Bb7 22. Bf2 Nf8 23. f5 Rd8+ 24. Kc3 Na5 25. Nd4 Bd5 26. Nxe6 Nxe6 27. Bxd5 Rxd5 28. Rxe6+ Kf7 29. Bd4 Rxf5 30. Rxa6 Nc4 31. a4 Rf3+ 32. Kb4 Nd2 33. axb5 Rd8 34. Bc3 Ne4 35. R1a3 Rdd3 36. Bb2 Rxa3 37. Rxa3 Rf2 38. Bd4 Ke6 39. Ra6+ Kd5 40. Bxf2 1-0


[Site "https://www.chess.com"]

[Event "Titled Tuesday Blitz June 20 Late 2023"]
[White "Slavin, Alexey"]
[Black "De Souza, Cristiano Gomes"]
[WhiteFideId "24104388"]
[BlackFideId "2151758"]
[WhiteElo "2264"]
[BlackElo "2068"]
[Result "1-0"]
[Round "3"]
[TimeControl "180+2"]
[Date "2023.06.20"]
[WhiteClock "0:00:11"]
[BlackClock "0:00:07"]
[Board "168"]

1. e4 c5 2. g3 Nc6 3. Bg2 g6 4. Ne2 Bg7 5. Nbc3 e6 6. O-O Nge7 7. a3 O-O 8. Rb1 d5 9. exd5 exd5 10. d4 cxd4 11. Nb5 Qb6 12. a4 a6 13. Na3 h5 14. h3 Be6 15. Nf4 Ne5 16. Re1 Nc4 17. Nxc4 dxc4 18. Nxe6 fxe6 19. Bg5 Bf6 20. Bh6 Rfe8 21. a5 Qd6 22. Bxb7 Rab8 23. Be4 Nf5 24. Bf4 e5 25. Bd2 Qe6 26. Qf3 Ne7 27. h4 Kg7 28. b3 cxb3 29. Rxb3 Rxb3 30. cxb3 Rb8 31. b4 Nf5 32. Rc1 Rc8 33. Rxc8 Qxc8 34. Bd3 Nd6 35. Qd5 Nf5 36. Kg2 Ne7 37. Qe4 Kf7 38. Qe2 Qc6+ 39. Be4 Qa4 40. Qc4+ Kg7 41. Qe6 Qd1 42. Bg5 Bxg5 43. hxg5 Kf8 44. Qf6+ Ke8 45. Qxe5 d3 46. Bxg6+ Kd8 47. Qd6+ Kc8 48. Qxe7 d2 49. Bf5+ Kb8 50. Qd6+ Ka7 51. Qb6+ Ka8 52. Be4# 1-0


[Site "https://www.chess.com"]

[Event "Titled Tuesday Blitz June 20 Late 2023"]
[White "Dimitrijevic, Aleksandra"]
[Black "Francisco_Ferrari"]
[WhiteFideId "929239"]
[WhiteElo "2394"]
[BlackElo "2244"]
[Result "0-1"]
[Round "3"]
[TimeControl "180+2"]
[Date "2023.06.20"]
[WhiteClock "0:01:35"]
[BlackClock "0:00:42"]
[Board "169"]

1. d4 Nf6 2. c4 e6 3. g3 d5 4. Nf3 Be7 5. Bg2 O-O 6. O-O dxc4 7. Qc2 a6 8. e4 b5 9. a4 Bb7 10. axb5 Bxe4 11. Qa4 axb5 12. Qxa8 Bxa8 13. Rxa8 Nd5 14. Nc3 Nb6 15. Ra1 b4 16. Ne2 Nc6 17. Be3 Nd5 18. Nd2 c3 19. bxc3 bxc3 20. Ne4 Ncb4 21. N2xc3 Nc2 22. Ra4 Ncxe3 23. fxe3 Nxe3 24. Rf3 Nxg2 25. Kxg2 Qd7 26. h4 f5 27. Nd2 Rb8 28. Rf2 Qc6+ 29. Nf3 Qxc3 30. Ne5 Bf6 31. Rc4 Qe3 32. Nd7 Qe4+ 33. Kh2 Rb1 0-1


[Site "https://www.chess.com"]

[Event "Titled Tuesday Blitz June 20 Late 2023"]
[White "Cluke86"]
[Black "Arnold, Ken"]
[BlackFideId "2056836"]
[WhiteElo "2242"]
[BlackElo "2390"]
[Result "0-1"]
[Round "3"]
[TimeControl "180+2"]
[Date "2023.06.20"]
[WhiteClock "0:01:17"]
[BlackClock "0:01:26"]
[Board "170"]

1. e4 c6 2. Nf3 d5 3. d3 dxe4 4. Ng5 Nf6 5. Nxe4 Nxe4 6. dxe4 Qxd1+ 7. Kxd1 e5 8. Bc4 Bc5 9. f3 O-O 10. c3 a5 11. a4 Rd8+ 12. Ke2 Kf8 13. Nd2 Ke7 14. Nb3 Bb6 15. Be3 Bxe3 16. Kxe3 b6 17. Rhd1 Nd7 18. Rd2 Bb7 19. Rad1 f6 20. g3 Nf8 21. f4 Rxd2 22. Rxd2 Rd8 23. Rxd8 Kxd8 24. Bg8 Ke7 25. Nd2 Ba6 26. Bc4 b5 27. Bd3 Kd6 28. Nb3 bxa4 29. Nxa5 Bxd3 30. Kxd3 exf4 31. gxf4 Ne6 32. Nc4+ Kc5 33. f5 Nf4+ 34. Ke3 Kxc4 35. Kxf4 Kb3 36. h4 Kxb2 37. h5 h6 38. e5 fxe5+ 39. Kxe5 a3 40. f6 gxf6+ 41. Kxf6 Kxc3 42. Kg6 a2 43. Kxh6 a1=Q 0-1


[Site "https://www.chess.com"]

[Event "Titled Tuesday Blitz June 20 Late 2023"]
[White "Rodriguez Santiago, Jaime"]
[Black "Goncalves, Davi Sulzbacher"]
[WhiteFideId "3100898"]
[BlackFideId "2154510"]
[WhiteElo "2025"]
[BlackElo "2182"]
[Result "1-0"]
[Round "3"]
[TimeControl "180+2"]
[Date "2023.06.20"]
[WhiteClock "0:00:39"]
[BlackClock "0:00:06"]
[Board "171"]

1. c4 e5 2. Nc3 Nf6 3. g3 Bc5 4. Bg2 O-O 5. Nf3 e4 6. Ng5 Bxf2+ 7. Kxf2 Ng4+ 8. Kg1 Qxg5 9. h3 Nf6 10. Kh2 Re8 11. d3 e3 12. Rf1 d6 13. Ne4 Nxe4 14. dxe4 Nc6 15. b3 h5 16. Rf4 Bd7 17. Bxe3 Qe5 18. Rc1 g5 19. Rf1 h4 20. Qe1 Re6 21. Rf5 hxg3+ 22. Qxg3 Qxg3+ 23. Kxg3 Rg6 24. Rxg5 Rxg5+ 25. Bxg5 Re8 26. h4 Ne5 27. Bf3 Bc6 28. Rg1 Kg7 29. Kf2 f6 30. Bf4+ Kh7 31. Bh5 Re7 32. Bxe5 Rxe5 33. Bg6+ Kh8 34. Ke3 f5 35. Bxf5 Re7 36. h5 d5 37. cxd5 Bxd5 38. h6 c5 39. h7 Be6 40. Bxe6 Rxe6 41. Rg5 b6 42. e5 Kxh7 43. Ke4 Kh6 44. Rg3 Re8 45. Kd5 Rd8+ 46. Kc6 Re8 47. Kd6 Rd8+ 48. Ke7 Rd2 49. a4 Rxe2 50. e6 a6 51. Kd7 Rd2+ 52. Ke8 Re2 53. e7 b5 54. axb5 axb5 55. Rf3 Kg6 56. Kf8 Rxe7 57. Kxe7 c4 58. bxc4 bxc4 59. Rc3 1-0


[Site "https://www.chess.com"]

[Event "Titled Tuesday Blitz June 20 Late 2023"]
[White "Palacio,Igor Da Paz"]
[Black "Guzman Moneo, Alberto"]
[WhiteFideId "2121140"]
[BlackFideId "2209616"]
[WhiteElo "2126"]
[BlackElo "2157"]
[Result "1-0"]
[Round "3"]
[TimeControl "180+2"]
[Date "2023.06.20"]
[WhiteClock "0:00:36"]
[BlackClock "0:00:17"]
[Board "172"]

1. e4 g6 2. d4 Bg7 3. Nc3 d6 4. Nf3 a6 5. a4 Nc6 6. h3 e5 7. dxe5 dxe5 8. Qxd8+ Nxd8 9. Nd5 Ne6 10. Ng5 Nxg5 11. Bxg5 f6 12. Nxc7+ Kd7 13. Nxa8 fxg5 14. Nb6+ Kc7 15. Nxc8 Kxc8 16. O-O-O Nf6 17. f3 Nd7 18. Bc4 Nc5 19. b3 Bf8 20. Rd5 Kc7 21. Rhd1 b6 22. Kb2 a5 23. c3 Bg7 24. Bb5 Bf6 25. Rd6 Be7 26. Rd7+ Nxd7 27. Rxd7+ Kb8 28. Rxe7 h5 29. Re8+ Rxe8 30. Bxe8 g4 31. Bxg6 gxh3 32. gxh3 h4 33. b4 Kc7 34. bxa5 bxa5 35. Kb3 Kb6 36. Kc4 Kc6 37. Bf5 Kd6 38. Kb5 Kc7 39. Kxa5 Kc6 40. Kb4 Kb6 41. Bd7 Kc7 42. Bb5 Kb6 43. a5+ Ka7 44. Kc5 Kb8 45. Kd6 Ka7 46. Kxe5 Kb8 47. Kf5 Ka7 48. Kg5 Kb8 49. Kxh4 Ka7 50. Kg5 Kb8 51. h4 Ka7 52. h5 Kb8 53. h6 Ka7 54. h7 Kb8 55. h8=Q+ Ka7 56. Qg7+ Kb8 57. Ba6 1-0


[Site "https://www.chess.com"]

[Event "Titled Tuesday Blitz June 20 Late 2023"]
[White "Kostiukov, Alexandr"]
[Black "Szente Varga, Fruzsina"]
[WhiteFideId "14108100"]
[BlackFideId "712264"]
[WhiteElo "2202"]
[BlackElo "1994"]
[Result "1-0"]
[Round "3"]
[TimeControl "180+2"]
[Date "2023.06.20"]
[WhiteClock "0:01:51"]
[BlackClock "0:01:05"]
[Board "173"]

1. g3 d5 2. Bg2 e5 3. c4 c6 4. cxd5 cxd5 5. d4 e4 6. Nc3 Nc6 7. Nh3 Nf6 8. Bg5 Be7 9. Nf4 Be6 10. O-O O-O 11. e3 Bg4 12. f3 exf3 13. Bxf3 Bxf3 14. Qxf3 Qb6 15. Rf2 Rfe8 16. Bxf6 Bxf6 17. Nfxd5 Qa5 18. Nxf6+ gxf6 19. Qxf6 Nd8 20. Rf5 Qb6 21. Rg5+ Kf8 22. Qg7+ Ke7 23. Nd5+ 1-0


[Site "https://www.chess.com"]

[Event "Titled Tuesday Blitz June 20 Late 2023"]
[White "Florianovitz, Derlei Alex"]
[Black "Sadilek, Peter"]
[WhiteFideId "2114178"]
[BlackFideId "1616439"]
[WhiteElo "1953"]
[BlackElo "2227"]
[Result "1-0"]
[Round "3"]
[TimeControl "180+2"]
[Date "2023.06.20"]
[WhiteClock "0:02:29"]
[BlackClock "0:02:35"]
[Board "174"]

1. e4 c5 2. Nf3 g6 3. d4 cxd4 4. Nxd4 Bg7 5. c4 Nc6 6. Be3 d6 7. Nc3 Nf6 8. Be2 O-O 9. Qd2 Ng4 10. Bxg4 Bxg4 11. O-O Rc8 12. h3 Bd7 13. b3 Qa5 14. Rad1 Nxd4 15. Bxd4 Bc6 16. Nd5 Bxd5 17. Qxa5 1-0


[Site "https://www.chess.com"]

[Event "Titled Tuesday Blitz June 20 Late 2023"]
[White "Pinero Rodriguez, Carlos Jose"]
[Black "Lopez Del Alamo, Antonio"]
[WhiteFideId "3901726"]
[BlackFideId "2227339"]
[WhiteElo "2146"]
[BlackElo "2175"]
[Result "1-0"]
[Round "3"]
[TimeControl "180+2"]
[Date "2023.06.20"]
[WhiteClock "0:01:45"]
[BlackClock "0:00:42"]
[Board "175"]

1. b3 Nf6 2. Bb2 g6 3. Bxf6 exf6 4. d4 f5 5. e3 h5 6. h4 d6 7. g3 Nd7 8. Bg2 Nf6 9. Nd2 Be7 10. Ne2 O-O 11. O-O Ng4 12. Nf4 c6 13. c4 Bd7 14. Rc1 Kg7 15. Qe2 Rh8 16. f3 Nf6 17. e4 fxe4 18. fxe4 Ng4 19. Qf3 Be8 20. Rce1 Bf6 21. Ne2 c5 22. d5 Ne5 23. Qe3 Bd7 24. Nf3 Qe7 25. Qc1 Bg4 26. Nxe5 Bxe5 27. Nf4 a6 28. Bf3 Qd7 29. Bxg4 Qxg4 30. Kg2 Rae8 31. Qe3 Re7 32. Qf3 Qd7 33. Nd3 Rhe8 34. Nxe5 Rxe5 35. Qf6+ Kg8 36. Rf4 Qe7 37. Ref1 Qxf6 38. Rxf6 Rxe4 39. Rxd6 Re2+ 40. Rf2 R2e3 41. Rd7 f5 42. Rd2 Rc3 43. Rxb7 Ree3 44. d6 Rxg3+ 45. Kf2 Rgd3 46. Ke2 Re3+ 47. Kd1 f4 48. d7 Rcd3 49. d8=Q+ Rxd8 50. Rxd8+ Re8 51. Rxe8# 1-0


[Site "https://www.chess.com"]

[Event "Titled Tuesday Blitz June 20 Late 2023"]
[White "Chessadiction1990"]
[Black "Ladron De Guevara Pinto, Paolo"]
[BlackFideId "2290847"]
[WhiteElo "2215"]
[BlackElo "2398"]
[Result "0-1"]
[Round "3"]
[TimeControl "180+2"]
[Date "2023.06.20"]
[WhiteClock "0:00:00"]
[BlackClock "0:00:10"]
[Board "176"]

1. d4 d6 2. e4 Nf6 3. Nc3 e5 4. Nf3 Nbd7 5. Bc4 Be7 6. O-O O-O 7. a3 c6 8. h3 b5 9. Ba2 a5 10. Re1 Bb7 11. d5 Nb6 12. dxc6 Bxc6 13. Bg5 Rc8 14. Rc1 Ne8 15. Bxe7 Qxe7 16. Nd5 Bxd5 17. Bxd5 Nf6 18. Ba2 Nc4 19. Qe2 Qb7 20. Bxc4 Rxc4 21. Nd2 Rc7 22. c3 h6 23. Rcd1 b4 24. cxb4 axb4 25. Nf3 b3 26. Rxd6 Rc2 27. Rd2 Qc7 28. Rxc2 bxc2 29. Rc1 Rc8 30. Qd3 Nh5 31. g3 Qc5 32. Kg2 Rc6 33. Ne1 Rf6 34. f3 Rg6 0-1


[Site "https://www.chess.com"]

[Event "Titled Tuesday Blitz June 20 Late 2023"]
[White "Fernandez Siles, Luis"]
[Black "KSho99"]
[WhiteFideId "2209420"]
[WhiteElo "2195"]
[BlackElo "2213"]
[Result "1-0"]
[Round "3"]
[TimeControl "180+2"]
[Date "2023.06.20"]
[WhiteClock "0:00:59"]
[BlackClock "0:00:00"]
[Board "177"]

1. e4 e6 2. d4 d5 3. Nd2 Be7 4. Ngf3 Nf6 5. Bd3 dxe4 6. Nxe4 Nxe4 7. Bxe4 Nd7 8. c3 Nf6 9. Bc2 c5 10. O-O cxd4 11. Nxd4 O-O 12. Qf3 Qd5 13. Qg3 Kh8 14. Bg5 h6 15. Be3 Bd7 16. Nf3 Bc6 17. Ne5 Bd6 18. f4 Bxe5 19. fxe5 Nh5 20. Qh3 Qxe5 21. Bd4 Qg5 22. Rae1 Nf4 23. Qg3 Nxg2 24. Re5 Qxg3 25. hxg3 f6 26. Rxe6 Bd5 27. Rd6 Rad8 28. Rxd5 Rxd5 29. Kxg2 Re8 30. Rf2 Re1 31. Bb3 1-0


[Site "https://www.chess.com"]

[Event "Titled Tuesday Blitz June 20 Late 2023"]
[White "Ozalp, Burak"]
[Black "Vila Dupla, Aurelio"]
[WhiteFideId "6314210"]
[BlackFideId "2203383"]
[WhiteElo "2106"]
[BlackElo "2009"]
[Result "0-1"]
[Round "3"]
[TimeControl "180+2"]
[Date "2023.06.20"]
[WhiteClock "0:00:02"]
[BlackClock "0:00:21"]
[Board "178"]

1. Nf3 Nf6 2. g3 g6 3. Bg2 Bg7 4. O-O O-O 5. d4 d5 6. c4 c6 7. Nc3 dxc4 8. Ne5 Ng4 9. Nxg4 Bxg4 10. h3 Be6 11. Be3 Na6 12. Qa4 Nc7 13. Rfd1 Nd5 14. Nxd5 Bxd5 15. Rac1 Bxg2 16. Kxg2 Qd5+ 17. f3 b5 18. Qc2 e5 19. dxe5 Qxe5 20. Bd4 Qe6 21. e4 Rfd8 22. Bxg7 Rxd1 23. Rxd1 Kxg7 24. Qc3+ Kg8 25. Qd4 a5 26. h4 h5 27. Qc5 c3 28. Qxc3 Qxa2 29. Rd7 a4 30. Qxc6 Qxb2+ 31. Kh3 Rf8 32. f4 a3 33. Ra7 a2 34. Qa6 Qb1 35. Kg2 Rd8 36. Qxa2 Qxe4+ 37. Kh2 Qf5 38. Re7 Rc8 39. Qe2 Rc2 40. Re8+ Kg7 41. Re5 Rxe2+ 42. Rxe2 b4 0-1


[Site "https://www.chess.com"]

[Event "Titled Tuesday Blitz June 20 Late 2023"]
[White "Arias Igual, Alejandro"]
[Black "Thiel, Thomas"]
[WhiteFideId "2254905"]
[BlackFideId "4615964"]
[WhiteElo "2179"]
[BlackElo "2202"]
[Result "1-0"]
[Round "3"]
[TimeControl "180+2"]
[Date "2023.06.20"]
[WhiteClock "0:00:46"]
[BlackClock "0:00:40"]
[Board "179"]

1. e4 d5 2. d3 dxe4 3. dxe4 Qxd1+ 4. Kxd1 Nc6 5. c3 e5 6. Bc4 Bc5 7. f3 Bd7 8. a4 f6 9. b4 Bd6 10. Be3 O-O-O 11. Kc2 f5 12. Nd2 Nf6 13. h3 fxe4 14. Nxe4 Nxe4 15. fxe4 Be8 16. Nf3 Bg6 17. Nd2 a6 18. b5 Na5 19. Be2 axb5 20. axb5 b6 21. c4 Nb7 22. Ra8+ Kd7 23. Bg4+ Ke7 24. Bg5+ Kf7 25. Bxd8 Rxd8 26. Rf1+ Ke7 27. Rxd8 Nxd8 28. Bf5 Ne6 29. Bxg6 hxg6 30. g3 Bb4 31. Nb3 Bc5 32. Kd3 Bd4 33. Nxd4 Nxd4 34. Ra1 Ne6 35. h4 g5 36. h5 g4 37. Ra8 Kf7 38. Rh8 Kf6 39. h6 gxh6 40. Rxh6+ Ke7 41. Rg6 1-0


[Site "https://www.chess.com"]

[Event "Titled Tuesday Blitz June 20 Late 2023"]
[White "Cueto, Jonny"]
[Black "Fajdetic, Hrvoje"]
[WhiteFideId "3300145"]
[BlackFideId "14501945"]
[WhiteElo "2240"]
[BlackElo "2185"]
[Result "0-1"]
[Round "3"]
[TimeControl "180+2"]
[Date "2023.06.20"]
[WhiteClock "0:00:03"]
[BlackClock "0:00:09"]
[Board "180"]

1. d4 e6 2. Bf4 c5 3. e3 Qb6 4. Nc3 a6 5. Rb1 d5 6. Nf3 Nc6 7. Be2 Nf6 8. O-O Bd7 9. h3 Ne7 10. dxc5 Qxc5 11. Ne5 Ng6 12. Nxg6 hxg6 13. Qd4 Rc8 14. a3 Rh4 15. Qxc5 Bxc5 16. Bg3 Rh8 17. Bd3 b5 18. Ne2 Ke7 19. Nd4 Bd6 20. Bxd6+ Kxd6 21. b4 Rc3 22. Nb3 e5 23. Nc5 e4 24. Be2 Rxc2 25. Bd1 Rc3 26. Bb3 a5 27. Rfd1 axb4 28. axb4 Bc6 29. g3 Rxh3 30. Kg2 Rh8 31. Ra1 Rxc5 32. bxc5+ Kxc5 33. Rac1+ Kb6 34. Ra1 Rd8 35. Bc2 d4 36. exd4 e3+ 37. Kf1 Ng4 38. f3 Bxf3 39. Rdb1 e2+ 40. Ke1 Ne3 41. Bd3 Ng2+ 42. Kf2 e1=Q+ 43. Rxe1 Nxe1 44. Rxe1 Bd5 45. Re7 Be6 46. Ke3 Rd7 47. Re8 Ra7 48. Rb8+ Kc7 49. Rxb5 Ra3 50. Rb1 Kd6 51. Rc1 g5 52. Rf1 f6 53. Rc1 Bf5 54. Rd1 Rxd3+ 55. Rxd3 Bxd3 56. Kxd3 Kd5 57. Ke3 f5 58. Kf3 Kxd4 59. g4 g6 60. gxf5 gxf5 0-1


[Site "https://www.chess.com"]

[Event "Titled Tuesday Blitz June 20 Late 2023"]
[White "Gardezi, Arsal"]
[Black "sebastianmarinp"]
[WhiteFideId "30949521"]
[WhiteElo "1906"]
[BlackElo "2362"]
[Result "0-1"]
[Round "3"]
[TimeControl "180+2"]
[Date "2023.06.20"]
[WhiteClock "0:00:17"]
[BlackClock "0:00:03"]
[Board "181"]

1. e4 c5 2. Nf3 d6 3. d4 cxd4 4. Nxd4 Nf6 5. Nc3 g6 6. Be3 Bg7 7. f3 O-O 8. Bc4 Nc6 9. Qd2 Bd7 10. O-O-O Rc8 11. Bb3 Ne5 12. Kb1 Nc4 13. Bxc4 Rxc4 14. g4 Qc7 15. h4 Rc8 16. Nce2 e5 17. Nb3 Rxc2 18. Qd3 d5 19. exd5 e4 20. fxe4 Bxg4 21. Rc1 Bxe2 22. Qxc2 Qxc2+ 23. Rxc2 Bd3 24. Rc1 Bxe4 25. Nc5 Bxc2+ 26. Rxc2 Nxd5 27. Bf2 b6 28. Rd2 bxc5 29. Rxd5 Rb8 30. b3 c4 31. Bxa7 Ra8 32. Be3 cxb3 33. axb3 h5 34. Kc2 Rc8+ 35. Kd2 Bc3+ 36. Kd3 Bf6 37. Bg5 Bxg5 38. Rxg5 Kg7 39. b4 f6 40. Rg3 Kh6 41. b5 Rc5 42. Rf3 f5 43. b6 Rb5 44. Kd4 Rxb6 45. Ke5 Rb4 46. Rh3 f4 47. Rf3 g5 48. hxg5+ Kxg5 49. Rf1 Rb5+ 50. Ke4 Rb4+ 51. Kf3 Rb3+ 52. Ke4 Re3+ 53. Kd4 Kg4 54. Rh1 h4 55. Rg1+ Rg3 56. Rf1 h3 57. Ke4 Re3+ 58. Kd4 h2 0-1


[Site "https://www.chess.com"]